 Dungeon Crawl Stone Soup version 0.22-a0-348-gd16d139 (webtiles) character file.

6973 rlgrobin the Cleaver (level 11, -5/89 HPs)
             Began as a Formicid Fighter on Apr 12, 2018.
             Was an Elder of Makhleb.
             Slain by ghost0087's ghost (36 damage)
             ... on level 9 of the Dungeon.
             The game lasted 00:26:43 (10739 turns).

rlgrobin the Cleaver (Formicid Fighter)            Turns: 10739, Time: 00:26:44

Health: -5/89      AC: 15    Str: 24    XL:     11   Next: 28%
Magic:  11/11      EV:  5    Int:  8    God:    Makhleb [****..]
Gold:   423        SH:  0    Dex: 10    Spells: 10/10 levels left

rFire    + . .     SeeInvis +   a - +1 war axe
rCold    . . .     Gourm    .   c - +0 shield
rNeg     . . .     Faith    .   u - +0 plate armour
rPois    .         Spirit   .   (helmet unavailable)
rElec    .         Reflect  .   (no cloak)
rCorr    .         Harm     .   B - +0 pair of gloves
MR       +....                  (no boots)
Stlth    ..........             o - amulet of magic regeneration
HPRegen  0.24/turn              w - ring of protection from fire
MPRegen  0.37/turn              p - +3 ring of protection

@: sleeping, glowing
A: permanent stasis, dig shafts and tunnels, four strong arms, antennae 3
a: Dig, Shaft Self, Minor Destruction, Lesser Servant of Makhleb, Major
Destruction, Renounce Religion


You were on level 9 of the Dungeon.
You worshipped Makhleb.
Makhleb was greatly pleased with you.
You were not hungry.

You visited 2 branches of the dungeon, and saw 10 of its levels.

You collected 423 gold pieces.


Innate Abilities, Weirdness & Mutations

You cannot be hasted, slowed, berserked, paralysed or teleported.
You can dig through walls and to a lower floor.
Your four strong arms can wield two-handed weapons with a shield.
You have a pair of large antennae on your head. (SInv)


   Skills:
 - Level 9.2 Fighting
 - Level 13.8 Axes
 - Level 3.2 Armour
 + Level 5.6 Shields


You had 10 spell levels left.
You didn't know any spells.

Inventory:

Hand Weapons
 a - a +1 war axe (weapon)
 i - a +2 dagger of venom
Armour
 c - a +0 shield (worn)
 u - a +0 plate armour (worn)
 B - a +0 pair of gloves (worn)
 F - a +0 large shield
Jewellery
 o - an amulet of magic regeneration (around neck)
 p - a +3 ring of protection (right hand)
 q - an uncursed ring of positive energy
 w - a ring of protection from fire (left hand)
 x - an uncursed ring of poison resistance
 D - an uncursed ring of flight
Wands
 y - a wand of flame (20)
 A - a wand of enslavement (18)
Scrolls
 g - a scroll of immolation {!r}
 j - a scroll of enchant weapon
 k - 3 scrolls of amnesia
 t - 2 scrolls of fog
 v - 2 scrolls of remove curse
Potions
 d - 5 potions of brilliance
 h - a potion of ambrosia
 l - a potion of might
 m - 3 potions of curing {@q1}
 n - a potion of agility
 s - a potion of resistance
Comestibles
 b - 4 chunks of flesh
 f - 13 rations

Dungeon Overview and Level Annotations

Branches:
Dungeon (9/15)             Temple (1/1) D:4
   Lair: D:8-11         Orc: D:9-12

Altars:
Ashenzari
Cheibriados
Dithmenos
Elyvilon
Fedhas
Gozag
Hepliaklqana
Kikubaaqudgha
Makhleb
Nemelex Xobeh
Okawaru
Qazlal
Ru
Sif Muna
Trog
Uskayaw
Vehumet
Wu Jian
Xom
Yredelemnul
Zin
The Shining One

Shops:
D:5 %   D:6 :

Annotations:
D:6 Dowan
D:9 ghost0087's ghost, novice DrFE

▒...?.....▒
▒.......▒
▒.......▒
+..._...+
▒.......▒ .▒
▒▒£......▒▒▒.▒..
▒.........▒....
▒⌠.▒▒W▒▒.⌠▒...
▒▒▒▒.a.▒.▒▒.▒
▒...▒....▒
▒........▒
.▒▒▒▒▒....▒
..........▒▒
+▒........▒▒
...........▒
<..........▒
...........▒


You could see ghost0087's ghost.


Message History

The magic dart hits you!
You slash ghost0087's ghost!
Ghost0087's ghost is almost destroyed.
Ghost0087's ghost hits you!
* * * LOW HITPOINT WARNING * * *
Your shield and plate armour prevent you from hitting ghost0087's ghost.
Ghost0087's ghost is almost destroyed.
You barely miss ghost0087's ghost.
Ghost0087's ghost is almost destroyed.
Ghost0087's ghost casts a spell.
Ghost0087's ghost blinks!
Evoke which item? (* to show all) (? for menu, Esc to quit)
Aiming: Throw Flame
Aim: ghost0087's ghost (almost destroyed)
The puff of flame misses ghost0087's ghost.
Ghost0087's ghost casts a spell at you.
You are outlined in light.
Your shield and plate armour prevent you from hitting ghost0087's ghost.
Ghost0087's ghost is almost destroyed.
Ghost0087's ghost screams, "What do you have that I didn't have?"
Ghost0087's ghost casts a spell at you. The puff of flame hits you! You resist.
* * * LOW HITPOINT WARNING * * *
You hit ghost0087's ghost.
Ghost0087's ghost is almost destroyed.
Ghost0087's ghost casts a spell at you.
You fall asleep.
Ghost0087's ghost hits you!!!
You die...

Action                   |  1- 3 |  4- 6 |  7- 9 | 10-12 || total
-------------------------+-------+-------+-------+-------++-------
Melee: War axe           |   111 |   150 |   305 |   511 ||  1077
       Dagger            |       |       |     8 |    16 ||    24
Throw: Throwing net      |       |       |       |     1 ||     1
 Abil: Dig               |       |     4 |     7 |    10 ||    21
Evoke: Wand              |       |       |       |     4 ||     4
  Use: Scroll            |     5 |     1 |     3 |    10 ||    19
       Potion            |     1 |     2 |     1 |     5 ||     9
 Stab: Held in net/web   |       |       |       |     4 ||     4
  Eat: Chunk             |     1 |     7 |     5 |    16 ||    29
       Ration            |       |       |     2 |       ||     2
Armor: Scale mail        |    65 |    64 |    18 |       ||   147
       Plate armour      |       |       |   155 |   209 ||   364
       Skin              |       |       |     4 |       ||     4
Dodge: Dodged            |    36 |    47 |    51 |    80 ||   214
Block: Shield            |    79 |    91 |   148 |   198 ||   516

Vault maps used:
D:1:      tarquinn_simple_flora_water_a, serial_forest,
          infiniplex_forest_straight_3, infiniplex_forest_diagonal,
          infiniplex_forest_lined_3, infiniplex_forest_straight_3,
          infiniplex_forest_lined_2, infiniplex_forest_clump_curved,
          infiniplex_forest_lined_1, infiniplex_forest_end_2,
          infiniplex_forest_clump_tiny, nrook_mini_vaults,
          hangedman_glass_teeth, amethyst_killhole, minivault_11
D:2:      first_ration, solitary_fountain
D:4:      cheibrodos_helix_gallery, temple_hall
D:5:      serial_shops, shop, kennysheep_generic_room_4
D:6:      lemuel_slime, serial_shops, nicolae_shop_behind_doors, uniq_sigmund,
          uniq_pikel, uniq_blork_the_orc, uniq_duvessa
D:7:      grunt_ministairs_15, roderic_lattice_a, grunt_ogre_cave,
          glass_columns_b
D:8:      minmay_joined_circles
D:9:      evilmike_ruin_ashenzari, grunt_lair_entry_orc_guard_hut, erik_orc_1,
          basic_altar
Temple:   compressed_dpeg_triangle_lava_temple

Notes
Turn   | Place    | Note
-------+----------+-------------------------------------------
     0 | D:1      | rlgrobin the Formicid Fighter began the quest for the Orb.
     0 | D:1      | Reached XP level 1. HP: 18/18 MP: 1/1
    23 | D:1      | Reached XP level 2. HP: 23/24 MP: 2/2
   191 | D:1      | Reached skill level 3 in Axes
   243 | D:1      | Reached XP level 3. HP: 29/29 MP: 3/3
  1243 | D:2      | Reached skill level 4 in Axes
  1243 | D:2      | Reached XP level 4. HP: 35/35 MP: 4/4
  1886 | D:2      | Reached XP level 5. HP: 37/41 MP: 5/5
  1923 | D:3      | Reached skill level 5 in Axes
  2065 | D:3      | Noticed hellotanjent's ghost (amateur GrFi)
  2507 | D:3      | Killed hellotanjent's ghost
  2507 | D:3      | Reached skill level 6 in Axes
  2507 | D:3      | Reached XP level 6. HP: 30/47 MP: 6/6
  3004 | D:4      | Reached skill level 7 in Axes
  3004 | D:4      | Reached XP level 7. HP: 40/52 MP: 7/7
  3332 | D:4      | Reached skill level 8 in Axes
  3465 | D:4      | Reached XP level 8. HP: 53/58 MP: 8/8
  3659 | D:4      | Found a staircase to the Ecumenical Temple.
  3801 | D:5      | Entered Level 5 of the Dungeon
  3888 | D:5      | Reached skill level 9 in Axes
  4198 | D:5      | Noticed Kinglyer's ghost (novice DsFi)
  4430 | D:5      | Killed Kinglyer's ghost
  4430 | D:5      | Reached skill level 10 in Axes
  4666 | D:5      | Found Daasku Haxi's Food Emporium.
  4939 | Temple   | Entered the Ecumenical Temple
  5022 | Temple   | Became a worshipper of Makhleb the Destroyer
  5071 | D:6      | Noticed a two-headed ogre
  5379 | D:6      | Reached XP level 9. HP: 52/64 MP: 9/9
  5678 | D:6      | Noticed Sigmund
  5688 | D:6      | Killed Sigmund
  5688 | D:6      | Reached skill level 11 in Axes
  5741 | D:6      | Found Kiusem's Book Shoppe.
  5835 | D:6      | Noticed a slime creature
  5896 | D:6      | Killed a slime creature
  6188 | D:6      | Noticed Dowan
  6189 | D:6      | Noticed Duvessa
  6279 | D:6      | Reached skill level 12 in Axes
  6335 | D:6      | Killed Duvessa
  6335 | D:6      | Reached * piety under Makhleb
  6408 | D:6      | Noticed Blork the orc
  6410 | D:6      | Noticed Pikel
  6457 | D:6      | Killed Blork the orc
  6471 | D:6      | Killed Pikel
  6471 | D:6      | Reached XP level 10. HP: 51/70 MP: 10/10
  6754 | D:6      | Reached skill level 13 in Axes
  7800 | D:7      | Reached ** piety under Makhleb
  8490 | D:7      | Reached skill level 4 in Fighting
  8875 | D:8      | Reached *** piety under Makhleb
  8875 | D:8      | Reached skill level 5 in Fighting
  9176 | D:8      | Reached skill level 6 in Fighting
  9652 | D:8      | Identified a potion of resistance
  9663 | D:8      | Noticed a two-headed ogre
  9671 | D:8      | Killed a two-headed ogre
  9671 | D:8      | Reached skill level 7 in Fighting
  9671 | D:8      | Reached XP level 11. HP: 86/86 MP: 11/11
  9699 | D:8      | Reached skill level 8 in Fighting
 10119 | D:8      | Reached skill level 9 in Fighting
 10129 | D:8      | Reached **** piety under Makhleb
 10424 | D:9      | Found a blossoming altar of Fedhas.
 10542 | D:9      | Reached skill level 4 in Shields
 10570 | D:9      | Reached skill level 5 in Shields
 10695 | D:9      | Found a shattered altar of Ashenzari.
 10704 | D:9      | Noticed ghost0087's ghost (novice DrFE)
 10739 | D:9      | Slain by ghost0087's ghost

Vanquished Creatures
  A two-headed ogre (D:8)
  Pikel (D:6)
  The ghost of Kinglyer the Slasher, a novice DsFi (D:5)
  2 hornets (D:9)
  A slime creature (D:6)
  A hippogriff (D:8)
  Sigmund (D:6)
  The ghost of hellotanjent the Shield-Bearer, an amateur GrFi (D:3)
  Duvessa (D:6)
  2 ice beasts (D:7)
  5 orc warriors
  4 slaves (D:6)
  3 sky beasts
  A phantom (D:4)
  4 ogres
  3 centaurs
  2 big kobolds
  Blork the orc (D:6)
  4 bullfrogs
  4 scorpions
  6 killer bees
  2 water moccasin skeletons
  3 howler monkeys (D:9)
  7 crimson imps
  2 centaur zombies
  A quasit (D:4)
  A bullfrog zombie (D:8)
  A centaur skeleton (D:7)
  A hound (D:8)
  11 jellies
  5 orc priests
  2 bullfrog skeletons (D:5)
  2 iguanas
  8 orc wizards
  7 worker ants
  A hound zombie (D:6)
  2 hound skeletons
  10 adders
  6 shadow imps
  15 oozes
  An adder zombie (D:7)
  3 worms
  5 leopard geckos
  24 orcs
  2 ball pythons
  13 bats
  9 giant cockroaches
  7 goblins
  3 hobgoblins (D:1)
  20 jackals
  7 kobolds
  5 quokkas
  8 frilled lizards
  A giant cockroach zombie (D:6)
  2 jackal skeletons
  A leopard gecko skeleton (D:8)
  A quokka skeleton (D:4)
  A quokka zombie (D:5)
  4 rats
253 creatures vanquished.

Vanquished Creatures (others)
  6 fungi
6 creatures vanquished.

Grand Total: 259 creatures vanquished
